 Dungeon Crawl Stone Soup version 0.31.0-7-gf635a9b802 (webtiles) character file.

Game seed: 8005083497986305758

2857 Skitler the Grappler (level 9, -7/74 HPs)
             Began as a Ghoul Gladiator on Jan 24, 2024.
             Was an Initiate of Gozag.
             Killed from afar by Maggie (18 damage)
             ... with a bolt of fire
             ... on level 7 of the Dungeon.
             The game lasted 00:12:39 (7287 turns).

Skitler the Grappler (Ghoul Gladiator)              Turns: 7287, Time: 00:12:40

Health: -7/74      AC:  8    Str: 22    XL:     9   Next: 75%
Magic:  9/9        EV: 11    Int:  7    God:    Gozag
Gold:   382        SH:  0    Dex: 10    Spells: 8/8 levels left

rFire   . .          .
                       - Unarmed
rCold   + . .        (no shield)
rNeg    + + +        g - +0 ring mail
rPois   ∞            b - +0 helmet
rElec   .            u - +0 cloak
rCorr   .            (no gloves)
SInv    .            e - +0 pair of boots
Will    .....        (no amulet) Stlth
                     (no ring)
HPRegen 0.00/turn    (no ring)
MPRegen 0.11/turn

%: no passive effects
@: mesmerised, inhibited regen
A: claws 1, cold resistance 1, negative energy resistance 3, inhibited
regeneration, torment resistance 2, devour on kill
a: Renounce Religion, Potion Petition, Call Merchant, Bribe Branch


You were on level 7 of the Dungeon.
You worshipped Gozag.
Gozag was aware of your devotion.
You visited 2 branches of the dungeon, and saw 8 of its levels.

You collected 965 gold pieces.
You spent 452 gold pieces at shops.
You paid 131 gold pieces to Gozag.

Inventory:

Missiles
 d - a javelin
Armour
 b - a +0 helmet (worn)
 e - a +0 pair of boots (worn)
 g - a +0 ring mail (worn)
 o - a +0 hat
 u - a +0 cloak (worn)
Jewellery
 B - an amulet of magic regeneration
Wands
 l - a wand of paralysis (18)
 t - a wand of iceblast (9)
Scrolls
 h - 2 scrolls of immolation
 j - 2 scrolls of noise {unknown}
 k - a scroll of enchant weapon
 p - 3 scrolls of teleportation {unknown}
 x - a scroll of amnesia
 y - 5 scrolls of enchant armour
 z - 3 scrolls of fog {unknown}
 A - a scroll of revelation
 C - a scroll of fear
Potions
 a - a potion of curing
 f - 4 potions of mutation
 i - 2 potions of ambrosia
 m - 2 potions of enlightenment
 n - 4 potions of attraction
 q - a potion of heal wounds {unknown}
 r - 2 potions of degeneration {unknown}
 s - 2 potions of brilliance {unknown}
 v - a potion of lignification {unknown}
 w - a potion of might {unknown}


   Skills:
 * Level 5.4 Fighting
 + Level 2.2 Throwing
 - Level 2.8 Dodging
 * Level 13.5 Unarmed Combat


You had 8 spell levels left.
You didn't know any spells.
Your spell library contained the following spells:

 Spells                   Type           Power      Damage    Failure   Level
 Shock                    Conj/Air       0%         1d3       58%         1
 Swiftness                Air            0%         N/A       92%         3
 Airstrike                Air            0%         2d(0-16)  100%        4


Dungeon Overview and Level Annotations

Branches:
Dungeon (7/15)             Temple (1/1) D:4

Altars:
Ashenzari
Cheibriados
Dithmenos
Fedhas
Gozag
Hepliaklqana
Kikubaaqudgha
Qazlal
Sif Muna
Trog
Vehumet
Wu Jian
Xom
Yredelemnul

Shops:
D:2 ?   D:6 ?

Annotations:
D:6 2 transporters, monsoonserge's ghost, novice DjMo
D:7 Maggie


Innate Abilities, Weirdness & Mutations

You are immune to poison.
You have sharp fingernails.
Your flesh is cold resistant. (rC+)
You are immune to negative energy. (rN+++)
You do not regenerate when monsters are visible.
You are immune to unholy pain and torment.
You thrive by killing the living.


Message History

You are too injured to fight recklessly!
You are too injured to fight recklessly!
You are too injured to fight recklessly!
You are too injured to fight recklessly!
You are too injured to fight recklessly!
You closely miss Maggie.
Maggie is moderately wounded.
Maggie hits you with a +2 long sword of flaming.
Maggie burns you.
* * * LOW HITPOINT WARNING * * *
Throw: throwing net
Press: ? - help, Q - select action, (/) - cycle Shift-Dir - straight line, f - Maggie
Aim: Maggie, wielding a +2 long sword of flaming and wearing +0 acid dragon scales (moderately wounded, 56% to hit)
You throw a throwing net. The throwing net closely misses Maggie.
Maggie closely misses you.
You barely miss Maggie.
Maggie is moderately wounded.
You barely miss Maggie.
Maggie is moderately wounded.
Maggie misses you.
Okay, then.
You scratch Maggie.
Maggie is moderately wounded.
Maggie mumbles some strange words.
Maggie attempts to bespell you!
You are mesmerised by Maggie!
You claw Maggie!
Maggie is heavily wounded.
Maggie hits you with a +2 long sword of flaming!
* * * LOW HITPOINT WARNING * * *
Maggie burns you.
* * * LOW HITPOINT WARNING * * *
You mangle Maggie!! You claw Maggie, but do no damage.
Maggie is almost dead.
You scratch Maggie but do no damage.
Maggie is almost dead.
Maggie gestures at you while chanting. The bolt of fire hits you!!
You die...
Your body crumbles into a pile of gold.

..# #.(# #...
##..# ...#
..# ####@.##
###..@..)#
#...##...#
#.### #..#
##### ##.#
.## ##...##
##..# #
#.....###..##
##.###....##
#.# #....#
#.# #....#


You could see Maggie (mesmerising).

Vanquished Creatures
  2 steam dragons (D:6)
  Edmund (D:6)
  Duvessa (D:5)
  An ice beast (D:6)
  4 black bears
  2 ogres
  A phantom (D:5)
  A centaur (D:6)
  2 gnoll sergeants
  3 scorpions
  Dowan (D:5)
  The ghost of jorslayerofgods the Changeling, a weakling DrSh (D:3)
  A howler monkey (D:3)
  An orc priest (D:3)
  A bombardier beetle (D:4)
  10 hounds
  3 sleepcaps
  A gnoll bouda (D:3)
  3 iguanas
  3 orc wizards (D:5)
  29 gnolls
  8 adders
  3 dart slugs
  3 ribbon worms
  46 orcs
  7 ball pythons
  6 bats
  8 endoplasms
  2 giant cockroaches
  11 goblins
  8 hobgoblins
  16 jackals
  6 quokkas
  7 frilled lizards
  9 kobolds
  3 rats (D:2)
215 creatures vanquished.

Notes
Turn   | Place    | Note
-------+----------+-------------------------------------------
     0 | D:1      | Skitler the Ghoul Gladiator began the quest for the Orb.
     0 | D:1      | Reached XP level 1. HP: 17/17 MP: 1/1
    83 | D:1      | Reached XP level 2. HP: 25/25 MP: 2/2
   350 | D:1      | Reached skill level 4 in Unarmed Combat
   506 | D:1      | Reached XP level 3. HP: 30/30 MP: 3/3
  1157 | D:2      | Reached XP level 4. HP: 37/37 MP: 4/4
  1345 | D:2      | Found Yjeuvetsa's Magic Scroll Boutique.
  1362 | D:2      | Bought a scroll of enchant weapon for 90 gold pieces
  1362 | D:2      | Bought a scroll of identify for 24 gold pieces
  1362 | D:2      | Bought a scroll of identify for 24 gold pieces
  1398 | D:2      | Reached skill level 5 in Unarmed Combat
  1870 | D:3      | Reached XP level 5. HP: 40/44 MP: 5/5
  1879 | D:3      | Reached skill level 6 in Unarmed Combat
  2115 | D:3      | Reached XP level 6. HP: 38/51 MP: 6/6
  2140 | D:3      | Reached skill level 7 in Unarmed Combat
  2480 | D:3      | Found a runed translucent door.
  2480 | D:3      | Noticed jorslayerofgods's ghost (weakling DrSh)
  2598 | D:3      | Reached XP level 7. HP: 57/57 MP: 7/7
  2622 | D:3      | Reached skill level 8 in Unarmed Combat
  3096 | D:3      | Killed jorslayerofgods's ghost
  3583 | D:4      | Found a staircase to the Ecumenical Temple.
  3593 | Temple   | Entered the Ecumenical Temple
  3610 | Temple   | Became a worshipper of Gozag Ym Sagoz the Greedy
  3744 | D:4      | Reached skill level 9 in Unarmed Combat
  3966 | D:4      | Found a stormy altar of Qazlal.
  3967 | D:4      | Found a broken altar of Ashenzari.
  4043 | D:5      | Entered Level 5 of the Dungeon
  4075 | D:5      | Reached XP level 8. HP: 60/66 MP: 8/8
  4240 | D:5      | Reached skill level 10 in Unarmed Combat
  4760 | D:5      | Reached skill level 11 in Unarmed Combat
  4855 | D:5      | Noticed Dowan
  4856 | D:5      | Noticed Duvessa
  4865 | D:5      | Killed Duvessa
  4875 | D:5      | Killed Dowan
  4895 | D:5      | Reached XP level 9. HP: 72/72 MP: 9/9
  5320 | D:6      | Noticed Edmund
  5336 | D:6      | Killed Edmund
  5337 | D:6      | Reached skill level 12 in Unarmed Combat
  5552 | D:6      | Found Dylyicig's Magic Scroll Shop.
  5597 | D:6      | Bought 3 scrolls of identify for 90 gold pieces
  5597 | D:6      | Bought a scroll of revelation for 112 gold pieces
  5597 | D:6      | Bought a scroll of enchant armour for 112 gold pieces
  5724 | D:6      | Found a transporter.
  5731 | D:6      | Reached skill level 5 in Fighting
  5756 | D:6      | Noticed monsoonserge's ghost (novice DjMo)
  5788 | D:6      | Noticed a queen bee
  5801 | D:6      | Found a transporter.
  5941 | D:6      | HP: 1/74 [gnoll sergeant/+4 trident of protection (11)]
  6583 | D:5      | Reached skill level 13 in Unarmed Combat
  7273 | D:7      | Noticed Maggie
  7287 | D:7      | Killed from afar by Maggie

Illustrated notes

Levels and vault maps discovered:
D:1:      minmay_arrival_loop, layout_basic, nrook_mini_backslash, minivault_4,
          reono_crystal_passage, minmay_split_cup_small
D:2:      layout_basic, serial_shops, shop_fountains
D:3:      lemuel_castle_with_subvaults [lemuel_castle_interior_carwin_2],
          layout_loops_ring, hellmonk_ghost_happy_afterlife
D:4:      layout_cave_pools, zin_treasury, gammafunk_temple_overflow_pools,
          temple_fountains
D:5:      layout_basic, uniq_duvessa
D:6:      layout_basic, gammafunk_ghost_hive, serial_shops, shop, uniq_edmund
D:7:      layout_layer_cave, chequers_serial_rivers_large_a, hex_medium,
          uniq_maggie
Temple:   nicolae_temple_bog_church

Skill      XL: |  1  2  3  4  5  6  7  8  9 |
---------------+----------------------------+-----
Unarmed Combat | 4 5 6 7 9 11 13 | 13.5
Fighting       | 3 4 5 |  5.4
Throwing       | 2 |  2.2
Dodging        | |  2.8

Action                     |  1- 3 |  4- 6 |  7- 9 || total
---------------------------+-------+-------+-------++-------
  Melee: Unarmed           |   106 |   196 |   338 ||   640
         Punch             |     4 |    10 |    22 ||    36
  Throw: Throwing net      |       |     2 |     7 ||     9
    Use: Scroll            |       |     4 |     8 ||    12
         Potion            |       |     1 |       ||     1
 Armour: Leather armour    |    18 |       |       ||    18
         Ring mail         |    22 |   115 |   252 ||   389
  Dodge: Dodged            |    67 |   123 |   187 ||   377
